AoeStats
← Churrasko

Arabia

507577296Analyzed
1v1 RM · 13d ago on Sep 18, 2026· 52m 39s· 2 players
Game mode
Random Map
Map size
Tiny (2 player)
Population
200
Speed
Normal
Resources
Standard
Victory
Conquest
Starting age
Dark Age
Ending age
Imperial Age
RankedLock teamsTeams togetherTeam positionsShared explorationLock speedFull tech treeHidden civsTurbo modeCheats
Victory
Defeat
🇸🇮 Hindustanis · Slovenia
882
+15
🇦🇷 Bengalis · Argentina
855
-15
Churrasko
8:55 Loom
11:24 Feudal Age
12:08 Double-Bit Axe
23:12 Castle Age
21:46 Gold Mining
23:33 Scale Barding Armor
24:25 Horse Collar
25:54 Husbandry
31:39 Forging
32:05 Heavy Plow
33:35 Chain Barding Armor
35:35 Paiks
35:28 Pikeman
36:09 Squires
40:15 Iron Casting
39:41 Scale Mail Armor
40:31 Fletching
41:26 Bow Saw
41:36 Light Cavalry
43:55 Padded Archer Armor
44:30 Bodkin Arrow
46:01 Wheelbarrow
45:54 Bloodlines
48:35 Imperial Age
47:24 Ballistics
46:35 Light Cavalry
47:38 Leather Archer Armor
51:11 Elite Ratha (Ranged)
52:18 Elite Battle Elephant
dbriscik aka Bor
0:28 Loom
10:32 Feudal Age
10:58 Town Watch
11:49 Wheelbarrow
11:42 Double-Bit Axe
11:59 Horse Collar
25:03 Castle Age
23:05 Stone Mining
23:08 Gold Mining
23:16 Fletching
24:27 Forging
25:35 Scale Mail Armor
26:12 Hand Cart
26:32 Bow Saw
26:30 Heavy Plow
26:59 Squires
29:31 Pikeman
31:28 Husbandry
35:25 Bodkin Arrow
38:49 Gold Shaft Mining
40:28 Bloodlines
40:27 Scale Barding Armor
45:10 Imperial Age
42:54 Murder Holes
44:35 Iron Casting
44:16 Chain Mail Armor
46:01 Masonry
46:14 Conscription
45:47 Heavy Camel Rider
48:25 Blast Furnace
47:46 Chain Barding Armor
47:49 Elite Ghulam
51:15 Two-Man Saw
Connection lost

Rejoining the realm…

Still unreachable

The connection could not be restored.

Session expired

The server has moved on; the page needs a fresh start.